General information
- name: BNet
- type: Ladder team game (AT/RT)
- host: Battle.net
- saver: Sylink
map: Friends
- players: 8
- length: 144:44
- speed: Fast
- version: 1.21 W3XP
- replay type: Public
» download(1110 KB)
Players
team 1 (loser)
Dexanth (
teal | 71 APM | 9550 actions | 134:35)
9 Archmage
3 Blizzard
3 Brilliance Aura
1 Mass Teleport
2 Summon Water Elemental
10 Paladin
3 Holy Light
3 Divine Shield
3 Devotion Aura
1 Resurrection
9 Mountain King
3 Storm Bolt
3 Bash
1 Avatar
2 Thunder Clap
» actions
| Assign group hotkey | 108 | |
| Basic commands | 72 | |
| Build / train | 317 | |
| Enter build submenu | 111 | |
| Enter hero's abilities submenu | 30 | |
| Give item / drop item | 14 | |
| Remove unit from queue | 19 | |
| Right click | 4403 | |
| Select / deselect | 1553 | |
| Select group hotkey | 2062 | |
| Use ability | 861 | |
9550 total
» units
| Peasant | 17 | |
| Gryphon Rider | 13 | |
| Goblin Zeppelin | 1 | |
| Siege Engine | 3 | |
| Sorceress | 8 | |
| Mortar Team | 6 | |
| Dragonhawk Rider | 20 | |
| Spell Breaker | 15 | |
| Priest | 6 | |
| Rifleman | 10 | |
| Druid of the Talon | 2 | |
101 total
» upgrades
| Masonry | 3 | |
| Magic Sentry | 1 | |
| Storm Hammers | 1 | |
| Swords | 3 | |
| Animal War Training | 1 | |
| Armor | 3 | |
| Lumber Harvesting | 2 | |
| Sorceress Training | 2 | |
| Priest Training | 2 | |
| Gunpowder | 3 | |
| Plating | 3 | |
| Flare | 1 | |
| Fragmentation Shards | 1 | |
| Barrage | 1 | |
| Backpack | 1 | |
| Defend | 1 | |
| Long Rifles | 1 | |
| Cloud | 1 | |
| Flak Cannons | 1 | |
| Flying Machine Bombs | 1 | |
| Control Magic | 1 | |
| Mark of the Talon | 1 | |
35 total
» buildings
| Altar of Kings | 2 | |
| Farm | 14 | |
| Lumber Mill | 2 | |
| Scout Tower | 133 | |
| Guard Tower | 65 | |
| Arcane Tower | 4 | |
| Keep | 1 | |
| Arcane Vault | 2 | |
| Castle | 1 | |
| Arcane Sanctum | 3 | |
| Town Hall | 4 | |
| Gryphon Aviary | 4 | |
| Blacksmith | 1 | |
| Barracks | 1 | |
| Workshop | 4 | |
241 total
» build order
00:09 Altar of Kings
00:21 Farm
00:37 Lumber Mill
01:10 Farm
01:17 Scout Tower
01:18 Scout Tower
01:18 Scout Tower
01:19 Scout Tower
01:41 Scout Tower
02:06 Scout Tower
02:07 Scout Tower
02:14 Guard Tower
02:32 Arcane Tower
02:36 Arcane Tower
02:46 Guard Tower
02:46 Guard Tower
03:18 Scout Tower
03:19 Scout Tower
03:22 Arcane Tower
03:39 Guard Tower
03:43 Scout Tower
04:06 Lumber Mill
04:11 Scout Tower
04:12 Scout Tower
04:14 Scout Tower
04:15 Scout Tower
04:17 Guard Tower
04:43 Scout Tower
04:44 Scout Tower
04:45 Scout Tower
04:45 Scout Tower
04:46 Scout Tower
04:46 Scout Tower
04:48 Guard Tower
05:10 Guard Tower
05:23 Guard Tower
05:43 Guard Tower
05:46 Keep
06:34 Scout Tower
06:35 Scout Tower
06:36 Scout Tower
06:40 Scout Tower
06:40 Scout Tower
06:42 Guard Tower
07:04 Guard Tower
07:12 Guard Tower
07:15 Scout Tower
07:16 Scout Tower
07:16 Scout Tower
07:17 Scout Tower
07:19 Guard Tower
07:42 Arcane Vault
07:45 Scout Tower
07:46 Scout Tower
07:47 Scout Tower
07:47 Scout Tower
07:50 Scout Tower
07:51 Scout Tower
07:51 Scout Tower
07:52 Scout Tower
07:56 Guard Tower
08:02 Scout Tower
08:02 Scout Tower
08:03 Scout Tower
08:23 Farm
08:23 Farm
08:26 Guard Tower
08:26 Guard Tower
08:51 Guard Tower
09:04 Scout Tower
09:04 Scout Tower
09:05 Scout Tower
09:07 Guard Tower
09:27 Guard Tower
09:38 Guard Tower
10:08 Guard Tower
10:09 Guard Tower
10:12 Guard Tower
10:15 Guard Tower
10:18 Guard Tower
10:28 Scout Tower
10:29 Scout Tower
10:32 Guard Tower
11:01 Guard Tower
11:22 Castle
11:29 Guard Tower
11:29 Guard Tower
11:34 Scout Tower
11:47 Arcane Sanctum
12:39 Scout Tower
12:40 Guard Tower
13:02 Town Hall
13:18 Scout Tower
13:19 Scout Tower
13:20 Scout Tower
13:20 Scout Tower
13:22 Guard Tower
13:23 Guard Tower
13:24 Scout Tower
13:27 Scout Tower
13:27 Scout Tower
14:02 Guard Tower
16:26 Guard Tower
16:39 Gryphon Aviary
16:41 Gryphon Aviary
16:42 Farm
16:43 Farm
16:44 Farm
16:47 Farm
16:47 Farm
17:00 Blacksmith
17:29 Barracks
17:35 Farm
17:35 Farm
17:50 Gryphon Aviary
17:52 Gryphon Aviary
19:45 Farm
19:46 Farm
19:48 Farm
29:58 Workshop
30:00 Workshop
32:08 Workshop
32:09 Workshop
32:55 Scout Tower
32:57 Scout Tower
32:58 Scout Tower
32:58 Scout Tower
35:13 Guard Tower
35:28 Scout Tower
35:29 Scout Tower
35:30 Scout Tower
35:30 Scout Tower
36:06 Scout Tower
36:07 Scout Tower
36:08 Scout Tower
36:21 Guard Tower
36:45 Scout Tower
36:46 Scout Tower
36:46 Scout Tower
36:54 Guard Tower
37:27 Guard Tower
37:28 Scout Tower
37:29 Scout Tower
38:23 Guard Tower
38:25 Scout Tower
38:26 Scout Tower
38:26 Scout Tower
38:26 Scout Tower
38:27 Scout Tower
38:27 Scout Tower
38:27 Scout Tower
38:28 Scout Tower
39:05 Altar of Kings
39:50 Guard Tower
39:57 Scout Tower
39:58 Scout Tower
39:58 Scout Tower
39:59 Scout Tower
40:01 Scout Tower
40:08 Guard Tower
40:28 Guard Tower
40:42 Guard Tower
41:22 Town Hall
41:24 Guard Tower
41:27 Scout Tower
41:27 Scout Tower
42:24 Guard Tower
42:39 Guard Tower
47:36 Arcane Vault
56:24 Arcane Sanctum
59:52 Arcane Sanctum
90:10 Scout Tower
90:11 Scout Tower
90:11 Scout Tower
90:12 Scout Tower
92:08 Arcane Tower
95:46 Scout Tower
95:47 Scout Tower
95:49 Scout Tower
95:50 Scout Tower
95:52 Scout Tower
95:52 Scout Tower
95:53 Scout Tower
95:55 Scout Tower
96:10 Scout Tower
96:12 Scout Tower
96:28 Scout Tower
96:29 Scout Tower
96:30 Scout Tower
96:30 Scout Tower
96:31 Scout Tower
96:32 Scout Tower
96:34 Guard Tower
96:41 Guard Tower
96:48 Town Hall
97:31 Guard Tower
97:32 Guard Tower
97:36 Scout Tower
97:36 Scout Tower
97:37 Scout Tower
97:38 Scout Tower
97:39 Scout Tower
97:42 Guard Tower
97:48 Scout Tower
97:49 Scout Tower
97:50 Scout Tower
97:51 Scout Tower
97:52 Scout Tower
97:54 Scout Tower
97:58 Scout Tower
97:58 Scout Tower
98:00 Scout Tower
98:01 Scout Tower
98:02 Scout Tower
98:05 Scout Tower
98:06 Scout Tower
98:08 Scout Tower
98:08 Scout Tower
98:09 Scout Tower
98:12 Guard Tower
98:25 Guard Tower
98:51 Guard Tower
98:53 Guard Tower
99:39 Guard Tower
99:43 Guard Tower
99:45 Guard Tower
99:53 Guard Tower
100:20 Scout Tower
100:21 Scout Tower
100:22 Scout Tower
100:24 Scout Tower
100:24 Scout Tower
100:25 Scout Tower
100:26 Scout Tower
100:28 Guard Tower
100:53 Guard Tower
101:34 Guard Tower
101:43 Guard Tower
102:10 Guard Tower
115:25 Town Hall
» items
| Scroll of Regeneration | 12 | |
| Lesser Clarity Potion | 1 | |
| Healing Salve | 1 | |
| Staff of Sanctuary | 3 | |
| Orb of Fire | 3 | |
| Scroll of Town Portal | 24 | |
| Potion of Mana | 2 | |
| Mechanical Critter | 3 | |
| Alleria's Flute of Accuracy | 1 | |
| Health Stone | 1 | |
| Potion of Healing | 4 | |
| Belt of Giant Strength +6 | 1 | |
| Ankh of Reincarnation | 1 | |
| Scroll of Restoration | 1 | |
58 total
GapInTheTooth (
green | 56 APM | 8078 actions | 144:43)
10 Blood Mage
3 Flame Strike
3 Banish
1 Summon Phoenix
3 Siphon Mana
3 Paladin
2 Divine Shield
1 Holy Light
» actions
| Assign group hotkey | 79 | |
| Basic commands | 519 | |
| Build / train | 339 | |
| ESC pressed | 121 | |
| Enter build submenu | 113 | |
| Enter hero's abilities submenu | 14 | |
| Give item / drop item | 1 | |
| Remove unit from queue | 11 | |
| Right click | 3693 | |
| Select / deselect | 2123 | |
| Select group hotkey | 398 | |
| Use ability | 667 | |
8078 total
» units
| Peasant | 66 | |
| Mortar Team | 27 | |
| Sorceress | 1 | |
| Goblin Zeppelin | 5 | |
| Goblin Shredder | 3 | |
| Siege Engine | 15 | |
| Forest Troll Shadow Priest | 1 | |
| Rifleman | 13 | |
| Flying Machine | 14 | |
145 total
» upgrades
| Masonry | 3 | |
| Lumber Harvesting | 2 | |
| Magic Sentry | 1 | |
| Sorceress Training | 2 | |
| Flare | 1 | |
| Gunpowder | 3 | |
| Fragmentation Shards | 1 | |
| Armor | 3 | |
| Plating | 3 | |
| Barrage | 1 | |
| Long Rifles | 1 | |
| Flak Cannons | 1 | |
22 total
» buildings
| Scout Tower | 272 | |
| Altar of Kings | 1 | |
| Farm | 19 | |
| Lumber Mill | 4 | |
| Guard Tower | 76 | |
| Arcane Vault | 2 | |
| Keep | 1 | |
| Blacksmith | 1 | |
| Arcane Sanctum | 1 | |
| Workshop | 4 | |
| Castle | 1 | |
| Town Hall | 7 | |
| Barracks | 4 | |
| Cannon Tower | 9 | |
| Tree of Life | 1 | |
403 total
» build order
00:11 Scout Tower
00:27 Altar of Kings
00:47 Farm
00:57 Lumber Mill
01:02 Farm
01:09 Scout Tower
01:10 Scout Tower
01:11 Scout Tower
01:12 Scout Tower
01:42 Scout Tower
02:01 Guard Tower
02:35 Scout Tower
02:37 Farm
02:39 Guard Tower
02:50 Guard Tower
02:53 Scout Tower
03:28 Guard Tower
03:32 Guard Tower
03:45 Scout Tower
03:57 Arcane Vault
04:23 Guard Tower
05:17 Keep
05:36 Blacksmith
05:40 Scout Tower
05:41 Scout Tower
05:42 Scout Tower
05:43 Scout Tower
05:43 Scout Tower
05:44 Scout Tower
05:45 Scout Tower
05:46 Scout Tower
06:37 Guard Tower
06:42 Scout Tower
06:43 Scout Tower
06:45 Guard Tower
06:46 Guard Tower
07:04 Guard Tower
07:16 Scout Tower
07:17 Scout Tower
07:18 Scout Tower
07:19 Scout Tower
07:21 Guard Tower
07:38 Scout Tower
07:39 Scout Tower
07:40 Scout Tower
07:41 Scout Tower
07:45 Scout Tower
07:46 Scout Tower
07:59 Arcane Sanctum
08:23 Workshop
08:24 Workshop
08:26 Guard Tower
08:46 Guard Tower
08:49 Scout Tower
08:51 Guard Tower
08:53 Scout Tower
08:53 Scout Tower
08:59 Guard Tower
09:27 Guard Tower
09:34 Lumber Mill
09:39 Guard Tower
09:47 Guard Tower
10:34 Farm
10:40 Guard Tower
10:48 Guard Tower
12:13 Farm
14:17 Castle
14:21 Farm
14:26 Scout Tower
14:27 Scout Tower
14:28 Scout Tower
14:29 Scout Tower
14:29 Scout Tower
14:30 Scout Tower
16:14 Guard Tower
16:20 Scout Tower
16:20 Scout Tower
16:21 Scout Tower
16:21 Scout Tower
16:50 Guard Tower
16:53 Scout Tower
16:54 Scout Tower
16:59 Guard Tower
17:29 Guard Tower
17:32 Scout Tower
17:33 Scout Tower
17:54 Scout Tower
17:55 Scout Tower
17:56 Scout Tower
17:59 Scout Tower
18:00 Scout Tower
18:00 Scout Tower
18:54 Guard Tower
18:56 Guard Tower
18:57 Guard Tower
19:42 Guard Tower
19:45 Arcane Vault
19:49 Scout Tower
19:50 Scout Tower
19:51 Scout Tower
19:52 Scout Tower
20:32 Guard Tower
22:18 Guard Tower
22:21 Scout Tower
22:21 Scout Tower
22:29 Scout Tower
23:19 Guard Tower
23:21 Scout Tower
23:22 Scout Tower
24:54 Guard Tower
26:03 Town Hall
35:20 Scout Tower
35:21 Scout Tower
35:22 Scout Tower
35:22 Scout Tower
35:22 Scout Tower
35:22 Scout Tower
35:23 Scout Tower
35:23 Scout Tower
35:23 Scout Tower
35:23 Scout Tower
35:24 Scout Tower
35:24 Scout Tower
35:24 Scout Tower
35:24 Scout Tower
35:25 Scout Tower
35:49 Guard Tower
36:51 Guard Tower
36:58 Scout Tower
36:59 Scout Tower
36:59 Scout Tower
37:01 Scout Tower
37:02 Scout Tower
37:02 Scout Tower
37:03 Scout Tower
37:35 Guard Tower
37:37 Scout Tower
37:38 Scout Tower
37:38 Scout Tower
39:11 Guard Tower
39:13 Guard Tower
39:19 Lumber Mill
40:03 Farm
40:05 Farm
43:09 Farm
48:07 Scout Tower
48:07 Scout Tower
48:08 Scout Tower
48:08 Scout Tower
48:08 Scout Tower
48:08 Scout Tower
48:09 Scout Tower
48:09 Scout Tower
48:09 Scout Tower
48:09 Scout Tower
48:10 Scout Tower
48:10 Scout Tower
48:10 Scout Tower
48:10 Scout Tower
48:11 Scout Tower
48:13 Scout Tower
48:13 Scout Tower
48:13 Scout Tower
48:14 Scout Tower
48:27 Scout Tower
49:16 Guard Tower
49:36 Guard Tower
49:51 Guard Tower
49:55 Guard Tower
50:01 Scout Tower
50:09 Scout Tower
50:14 Scout Tower
50:18 Scout Tower
50:20 Guard Tower
50:24 Guard Tower
50:25 Guard Tower
50:49 Guard Tower
50:51 Scout Tower
50:52 Scout Tower
52:00 Guard Tower
54:09 Town Hall
66:58 Farm
67:02 Farm
68:03 Scout Tower
68:04 Scout Tower
68:05 Scout Tower
68:06 Scout Tower
68:07 Scout Tower
68:08 Scout Tower
68:08 Scout Tower
69:38 Guard Tower
69:40 Scout Tower
69:41 Scout Tower
69:42 Scout Tower
69:42 Scout Tower
69:43 Scout Tower
69:44 Scout Tower
69:44 Scout Tower
69:45 Scout Tower
69:45 Scout Tower
69:51 Scout Tower
69:52 Scout Tower
69:53 Scout Tower
69:54 Scout Tower
69:54 Scout Tower
69:55 Scout Tower
69:55 Scout Tower
69:55 Scout Tower
69:56 Scout Tower
69:56 Scout Tower
69:56 Scout Tower
71:38 Guard Tower
71:40 Guard Tower
71:43 Scout Tower
71:47 Scout Tower
71:49 Scout Tower
71:50 Scout Tower
71:51 Scout Tower
71:51 Scout Tower
71:52 Scout Tower
71:52 Scout Tower
71:52 Scout Tower
71:52 Scout Tower
71:53 Scout Tower
71:53 Scout Tower
71:53 Scout Tower
71:53 Scout Tower
71:55 Guard Tower
72:30 Guard Tower
73:16 Guard Tower
76:11 Workshop
76:13 Workshop
76:37 Guard Tower
76:56 Barracks
76:57 Barracks
76:58 Barracks
77:32 Scout Tower
77:33 Scout Tower
77:34 Scout Tower
77:34 Scout Tower
77:35 Scout Tower
77:35 Scout Tower
77:36 Scout Tower
77:38 Scout Tower
77:38 Scout Tower
77:39 Scout Tower
77:40 Scout Tower
77:40 Scout Tower
77:41 Scout Tower
77:45 Scout Tower
77:46 Scout Tower
77:48 Scout Tower
77:50 Scout Tower
77:51 Scout Tower
77:52 Scout Tower
79:08 Barracks
79:27 Cannon Tower
80:18 Cannon Tower
80:18 Cannon Tower
83:58 Scout Tower
83:58 Scout Tower
83:59 Scout Tower
83:59 Scout Tower
83:59 Scout Tower
83:59 Scout Tower
84:00 Scout Tower
84:00 Scout Tower
84:00 Scout Tower
84:00 Scout Tower
84:01 Scout Tower
84:01 Scout Tower
84:01 Scout Tower
84:01 Scout Tower
84:02 Scout Tower
84:02 Scout Tower
84:02 Scout Tower
84:02 Scout Tower
86:55 Town Hall
87:30 Guard Tower
87:55 Guard Tower
88:07 Guard Tower
89:28 Cannon Tower
89:32 Cannon Tower
91:04 Farm
91:07 Farm
91:41 Town Hall
92:37 Scout Tower
92:37 Scout Tower
92:37 Scout Tower
92:38 Scout Tower
92:39 Scout Tower
92:39 Scout Tower
92:40 Scout Tower
92:40 Scout Tower
92:41 Scout Tower
92:42 Scout Tower
92:43 Scout Tower
92:43 Scout Tower
92:43 Scout Tower
92:45 Scout Tower
92:45 Scout Tower
92:46 Scout Tower
92:47 Scout Tower
92:47 Scout Tower
92:48 Scout Tower
93:40 Guard Tower
94:16 Cannon Tower
95:34 Guard Tower
95:36 Cannon Tower
95:46 Guard Tower
95:50 Farm
96:05 Scout Tower
96:06 Scout Tower
96:08 Guard Tower
96:11 Scout Tower
96:12 Scout Tower
96:13 Scout Tower
96:14 Scout Tower
96:29 Guard Tower
96:32 Scout Tower
96:35 Guard Tower
97:30 Guard Tower
97:39 Scout Tower
97:41 Scout Tower
97:42 Scout Tower
97:42 Scout Tower
97:42 Scout Tower
97:43 Scout Tower
97:44 Scout Tower
97:44 Scout Tower
97:45 Scout Tower
97:46 Scout Tower
97:47 Scout Tower
97:48 Scout Tower
97:48 Scout Tower
97:54 Cannon Tower
98:01 Scout Tower
98:02 Scout Tower
98:03 Scout Tower
98:03 Scout Tower
98:04 Scout Tower
98:17 Guard Tower
98:27 Cannon Tower
98:47 Guard Tower
98:52 Guard Tower
99:10 Guard Tower
99:14 Scout Tower
99:17 Guard Tower
99:37 Guard Tower
99:39 Scout Tower
99:39 Scout Tower
99:40 Scout Tower
99:40 Scout Tower
99:41 Scout Tower
99:41 Scout Tower
99:47 Scout Tower
99:47 Scout Tower
99:47 Scout Tower
99:49 Guard Tower
100:26 Guard Tower
100:37 Lumber Mill
100:46 Guard Tower
101:22 Scout Tower
101:22 Scout Tower
101:23 Scout Tower
101:24 Guard Tower
102:05 Guard Tower
104:57 Guard Tower
104:59 Guard Tower
110:49 Town Hall
123:08 Tree of Life
128:02 Farm
136:28 Town Hall
136:31 Town Hall
140:00 Farm
140:03 Farm
140:18 Farm
140:49 Farm
» items
| Scroll of Regeneration | 16 | |
| Lesser Clarity Potion | 2 | |
| Potion of Mana | 7 | |
| Potion of Healing | 13 | |
| Scroll of Town Portal | 16 | |
| Staff of Sanctuary | 3 | |
| Orb of Lightning | 1 | |
58 total
GOKUMAN69 (
blue | 51 APM | 7342 actions | 144:43)
8 Blademaster
3 Wind Walk
3 Critical Strike
1 Bladestorm
1 Mirror Image
4 Pandaren Brewmaster
2 Breath of Fire
2 Drunken Haze
4 Tauren Chieftain
2 Endurance Aura
2 Shockwave
» actions
| Assign group hotkey | 41 | |
| Basic commands | 16 | |
| Build / train | 256 | |
| Enter build submenu | 136 | |
| Enter hero's abilities submenu | 16 | |
| Remove unit from queue | 14 | |
| Right click | 3821 | |
| Select / deselect | 1802 | |
| Select group hotkey | 386 | |
| Use ability | 854 | |
7342 total
» units
| Peon | 25 | |
| Troll Batrider | 71 | |
| Goblin Zeppelin | 2 | |
| Shaman | 27 | |
| Troll Witch Doctor | 18 | |
| Tauren | 33 | |
| Raider | 2 | |
| Spirit Walker | 1 | |
| Wind Rider | 2 | |
181 total
» upgrades
| Ranged Weapons | 1 | |
| Armor | 3 | |
| Witch Doctor Training | 2 | |
| Shaman Training | 2 | |
| Pulverize | 1 | |
| Melee Weapons | 2 | |
| Reinforced Defenses | 1 | |
| Liquid Fire | 1 | |
| Spirit Walker Training | 1 | |
14 total
» buildings
| Altar of Storms | 2 | |
| Orc Burrow | 21 | |
| War Mill | 4 | |
| Watch Tower | 125 | |
| Voodoo Lounge | 4 | |
| Stronghold | 2 | |
| Beastiary | 3 | |
| Fortress | 2 | |
| Great Hall | 4 | |
| Spirit Lodge | 2 | |
| Tauren Totem | 2 | |
171 total
» build order
00:05 Altar of Storms
00:24 Orc Burrow
00:53 War Mill
02:05 Watch Tower
02:15 Watch Tower
03:17 Watch Tower
03:20 Watch Tower
03:44 Watch Tower
04:04 Voodoo Lounge
04:30 Watch Tower
05:03 Watch Tower
05:04 Watch Tower
05:21 Watch Tower
06:18 Watch Tower
06:21 Watch Tower
06:40 Watch Tower
06:58 Watch Tower
07:21 Watch Tower
07:30 Watch Tower
07:48 Watch Tower
07:51 Watch Tower
08:30 Watch Tower
08:42 Watch Tower
09:04 Stronghold
09:06 Watch Tower
09:51 Watch Tower
09:53 Watch Tower
10:43 Watch Tower
11:08 Watch Tower
11:14 Watch Tower
11:20 Watch Tower
11:36 Beastiary
12:03 Watch Tower
12:39 Orc Burrow
12:42 Orc Burrow
13:02 Watch Tower
13:47 Watch Tower
13:48 Watch Tower
13:48 Watch Tower
13:57 Watch Tower
13:58 Watch Tower
14:15 Watch Tower
14:30 Watch Tower
14:32 Watch Tower
15:23 Watch Tower
15:24 Watch Tower
15:25 Watch Tower
16:04 War Mill
17:19 Watch Tower
17:20 Watch Tower
17:21 Watch Tower
17:21 Watch Tower
17:25 Watch Tower
17:26 Watch Tower
17:27 Watch Tower
18:07 Watch Tower
18:10 Watch Tower
18:58 Watch Tower
18:58 Watch Tower
19:01 Watch Tower
20:29 Watch Tower
20:30 Watch Tower
20:34 Watch Tower
20:35 Watch Tower
20:35 Watch Tower
20:36 Watch Tower
21:21 Watch Tower
21:31 Fortress
22:30 War Mill
23:07 Great Hall
25:24 Watch Tower
29:58 Great Hall
30:00 War Mill
32:15 Orc Burrow
34:53 Stronghold
35:38 Watch Tower
35:38 Watch Tower
36:58 Watch Tower
36:59 Watch Tower
37:54 Beastiary
39:30 Fortress
39:31 Beastiary
39:35 Orc Burrow
39:42 Spirit Lodge
40:23 Spirit Lodge
40:50 Orc Burrow
40:51 Orc Burrow
41:31 Orc Burrow
42:14 Tauren Totem
44:04 Tauren Totem
47:45 Altar of Storms
48:22 Orc Burrow
48:25 Orc Burrow
54:58 Orc Burrow
54:59 Orc Burrow
61:15 Voodoo Lounge
61:19 Voodoo Lounge
61:36 Watch Tower
61:37 Watch Tower
61:37 Watch Tower
61:39 Watch Tower
61:39 Watch Tower
61:40 Watch Tower
61:41 Watch Tower
61:41 Watch Tower
61:42 Watch Tower
61:43 Watch Tower
62:06 Watch Tower
62:06 Watch Tower
62:07 Watch Tower
62:08 Watch Tower
62:10 Watch Tower
62:53 Watch Tower
62:53 Watch Tower
62:54 Watch Tower
62:55 Watch Tower
62:55 Watch Tower
62:57 Watch Tower
62:57 Watch Tower
62:58 Watch Tower
62:59 Watch Tower
62:59 Watch Tower
63:00 Watch Tower
63:32 Watch Tower
63:33 Watch Tower
63:37 Watch Tower
63:38 Watch Tower
63:39 Watch Tower
63:39 Watch Tower
65:18 Watch Tower
65:18 Watch Tower
65:20 Watch Tower
65:21 Watch Tower
65:54 Watch Tower
65:55 Watch Tower
65:56 Watch Tower
65:57 Watch Tower
65:57 Watch Tower
66:01 Watch Tower
66:02 Watch Tower
66:04 Watch Tower
66:12 Watch Tower
66:23 Watch Tower
66:25 Watch Tower
66:37 Watch Tower
67:41 Watch Tower
67:51 Watch Tower
68:03 Watch Tower
68:45 Watch Tower
68:45 Watch Tower
68:50 Great Hall
70:44 Watch Tower
70:45 Watch Tower
70:45 Watch Tower
71:42 Watch Tower
73:28 Great Hall
74:30 Watch Tower
74:33 Watch Tower
76:55 Watch Tower
76:56 Watch Tower
89:50 Orc Burrow
89:51 Orc Burrow
89:52 Orc Burrow
89:53 Orc Burrow
91:04 Orc Burrow
91:05 Orc Burrow
95:26 Orc Burrow
99:57 Orc Burrow
99:59 Orc Burrow
120:53 Voodoo Lounge
» items
| Healing Salve | 3 | |
| Lesser Clarity Potion | 5 | |
| Potion of Healing | 1 | |
| Potion of Mana | 1 | |
| Staff of Sanctuary | 1 | |
| Scroll of Town Portal | 3 | |
| Orb of Lightning | 1 | |
| Scroll of Speed | 1 | |
| Potion of Divinity | 1 | |
| Inferno Stone | 1 | |
18 total
Wachepti (
yellow | 51 APM | 6306 actions | 122:30)
7 Warden
3 Shadow Strike
3 Blink
1 Spirit of Vengeance
6 Keeper of the Grove
3 Entangling Roots
2 Thorns Aura
1 Tranquility
1 Priestess of the Moon
1 Trueshot Aura
» actions
| Assign group hotkey | 96 | |
| Basic commands | 56 | |
| Build / train | 350 | |
| Enter build submenu | 53 | |
| Enter hero's abilities submenu | 14 | |
| Remove unit from queue | 34 | |
| Right click | 3388 | |
| Select / deselect | 932 | |
| Select group hotkey | 1058 | |
| Use ability | 324 | |
6306 total
» units
| Wisp | 71 | |
| Chimaera | 45 | |
| Dryad | 38 | |
| Druid of the Claw | 9 | |
| Mountain Giant | 8 | |
| Druid of the Talon | 71 | |
242 total
» upgrades
| Corrosive Breath | 1 | |
| Well Spring | 1 | |
| Ultravision | 1 | |
| Strength of the Wild | 3 | |
| Reinforced Hides | 3 | |
| Abolish Magic | 1 | |
| Druid of the Claw Training | 2 | |
| Mark of the Claw | 1 | |
| Hardened Skin | 1 | |
| Resistant Skin | 1 | |
| Druid of the Talon Training | 2 | |
| Mark of the Talon | 0 | |
17 total
» buildings
| Altar of Elders | 3 | |
| Moon Well | 16 | |
| Tree of Ages | 4 | |
| Tree of Life | 11 | |
| Tree of Eternity | 3 | |
| Ancient of Wind | 5 | |
| Chimaera Roost | 3 | |
| Ancient of Wonders | 3 | |
| Hunter's Hall | 1 | |
| Ancient of Lore | 6 | |
55 total
» build order
00:04 Altar of Elders
00:25 Moon Well
01:32 Moon Well
03:42 Tree of Ages
07:43 Tree of Life
08:52 Tree of Life
15:36 Tree of Ages
18:21 Tree of Eternity
19:41 Ancient of Wind
21:57 Chimaera Roost
21:58 Chimaera Roost
21:59 Chimaera Roost
23:12 Ancient of Wonders
23:19 Moon Well
23:20 Moon Well
23:21 Moon Well
24:20 Moon Well
24:21 Moon Well
24:23 Hunter's Hall
33:28 Tree of Life
45:09 Tree of Ages
45:24 Moon Well
45:24 Moon Well
48:45 Tree of Life
49:23 Moon Well
49:58 Tree of Life
52:52 Altar of Elders
52:55 Ancient of Wonders
54:56 Tree of Eternity
56:40 Tree of Life
60:37 Ancient of Lore
60:39 Ancient of Lore
61:21 Ancient of Wonders
61:34 Ancient of Lore
62:26 Ancient of Lore
62:49 Tree of Life
69:47 Tree of Life
79:37 Tree of Life
81:56 Ancient of Lore
82:00 Ancient of Wind
82:04 Ancient of Lore
82:21 Altar of Elders
83:39 Tree of Life
88:13 Moon Well
88:14 Moon Well
88:15 Moon Well
88:52 Moon Well
88:52 Moon Well
88:53 Moon Well
89:18 Tree of Life
91:54 Tree of Ages
95:14 Tree of Eternity
95:28 Ancient of Wind
95:33 Ancient of Wind
» items
| Healing Salve | 4 | |
| Lesser Clarity Potion | 5 | |
| Potion of Mana | 2 | |
| Potion of Healing | 5 | |
| Staff of Sanctuary | 1 | |
| Orb of Fire | 1 | |
| Scroll of Town Portal | 7 | |
| Staff of Preservation | 1 | |
| Orb of Venom | 1 | |
| Runed Bracers | 1 | |
| Sobi Mask | 1 | |
| The Lion Horn of Stormwind | 1 | |
| Inferno Stone | 1 | |
| Scourge Bone Chimes | 1 | |
32 total
team 2 (winner)
Noinu (
pink | 49 APM | 7126 actions | 144:43)
10 Tauren Chieftain
3 Endurance Aura
3 Shockwave
1 Reincarnation
3 War Stomp
2 Far Seer
1 Far Sight
1 Feral Spirit
» actions
| Assign group hotkey | 171 | |
| Basic commands | 385 | |
| Build / train | 212 | |
| Enter build submenu | 72 | |
| Enter hero's abilities submenu | 12 | |
| Give item / drop item | 6 | |
| Remove unit from queue | 11 | |
| Right click | 1545 | |
| Select / deselect | 1246 | |
| Select group hotkey | 2889 | |
| Use ability | 577 | |
7126 total
» units
| Peon | 32 | |
| Grunt | 9 | |
| Demolisher | 21 | |
| Troll Batrider | 61 | |
| Goblin Shredder | 2 | |
| Goblin Zeppelin | 1 | |
| Wind Rider | 8 | |
134 total
» upgrades
| Pillage | 1 | |
| Spiked Barricades | 2 | |
| Ranged Weapons | 3 | |
| Burning Oil | 1 | |
| Liquid Fire | 1 | |
| Envenomed Spears | 1 | |
| Armor | 3 | |
| Reinforced Defenses | 1 | |
13 total
» buildings
| Altar of Storms | 1 | |
| Orc Burrow | 7 | |
| Barracks | 2 | |
| War Mill | 1 | |
| Stronghold | 2 | |
| Watch Tower | 97 | |
| Voodoo Lounge | 2 | |
| Fortress | 1 | |
| Beastiary | 7 | |
| Great Hall | 18 | |
138 total
» build order
00:03 Altar of Storms
00:04 Orc Burrow
00:41 Barracks
01:59 Orc Burrow
03:59 Orc Burrow
04:52 War Mill
05:41 Orc Burrow
06:20 Stronghold
06:40 Watch Tower
07:46 Watch Tower
08:50 Watch Tower
09:35 Orc Burrow
09:42 Barracks
09:58 Voodoo Lounge
10:27 Watch Tower
17:38 Fortress
19:49 Watch Tower
19:51 Watch Tower
19:51 Watch Tower
19:52 Watch Tower
19:52 Watch Tower
19:53 Watch Tower
19:54 Watch Tower
21:00 Watch Tower
31:57 Watch Tower
32:52 Beastiary
32:57 Beastiary
33:23 Watch Tower
33:26 Watch Tower
51:15 Watch Tower
51:17 Watch Tower
51:18 Watch Tower
51:18 Watch Tower
51:20 Watch Tower
51:21 Watch Tower
53:16 Watch Tower
53:16 Watch Tower
53:21 Great Hall
53:28 Watch Tower
53:29 Watch Tower
53:31 Watch Tower
55:03 Watch Tower
55:03 Watch Tower
55:05 Watch Tower
55:38 Watch Tower
56:45 Watch Tower
62:19 Great Hall
62:48 Great Hall
69:31 Watch Tower
69:32 Watch Tower
69:32 Watch Tower
69:34 Watch Tower
69:35 Watch Tower
69:36 Watch Tower
69:38 Watch Tower
69:38 Watch Tower
69:39 Watch Tower
69:41 Watch Tower
69:43 Watch Tower
76:52 Watch Tower
79:20 Watch Tower
81:03 Watch Tower
82:28 Great Hall
83:51 Watch Tower
83:52 Watch Tower
83:53 Watch Tower
83:56 Watch Tower
87:12 Watch Tower
87:13 Watch Tower
87:14 Watch Tower
87:15 Watch Tower
88:20 Watch Tower
88:40 Voodoo Lounge
94:10 Beastiary
94:13 Beastiary
95:02 Beastiary
95:05 Beastiary
95:36 Stronghold
96:07 Watch Tower
96:42 Beastiary
99:19 Orc Burrow
99:39 Orc Burrow
112:44 Watch Tower
123:19 Watch Tower
123:19 Watch Tower
123:20 Watch Tower
123:55 Watch Tower
126:39 Watch Tower
126:40 Watch Tower
126:41 Watch Tower
126:42 Watch Tower
126:51 Watch Tower
126:52 Watch Tower
126:52 Watch Tower
126:53 Watch Tower
126:53 Watch Tower
127:13 Watch Tower
127:14 Watch Tower
127:19 Watch Tower
127:19 Watch Tower
127:20 Watch Tower
127:21 Watch Tower
127:23 Watch Tower
127:24 Watch Tower
128:35 Watch Tower
128:36 Watch Tower
128:38 Watch Tower
128:38 Watch Tower
131:16 Watch Tower
131:17 Watch Tower
131:19 Watch Tower
131:21 Watch Tower
131:22 Watch Tower
131:23 Watch Tower
131:25 Watch Tower
131:25 Watch Tower
131:26 Watch Tower
134:44 Watch Tower
134:44 Watch Tower
134:45 Watch Tower
134:47 Watch Tower
134:48 Watch Tower
134:49 Watch Tower
134:51 Watch Tower
140:56 Great Hall
140:57 Great Hall
140:58 Great Hall
140:59 Great Hall
141:01 Great Hall
141:03 Great Hall
141:04 Great Hall
141:05 Great Hall
141:07 Great Hall
141:09 Great Hall
141:10 Great Hall
141:11 Great Hall
141:12 Great Hall
141:12 Great Hall
» items
| Healing Salve | 3 | |
| Orb of Lightning | 2 | |
| Scroll of Town Portal | 11 | |
| Scroll of Speed | 1 | |
| Potion of Healing | 4 | |
| Belt of Giant Strength +6 | 3 | |
| Health Stone | 1 | |
| Scourge Bone Chimes | 1 | |
| Boots of Quel'Thalas +6 | 1 | |
| Book of the Dead | 3 | |
| Mana Stone | 4 | |
| Potion of Divinity | 3 | |
37 total
Panda_Slammed (
purple | 60 APM | 8617 actions | 144:43)
10 Shadow Hunter
3 Serpent Ward
3 Healing Wave
1 Big Bad Voodoo
3 Hex
10 Blademaster
3 Wind Walk
3 Critical Strike
1 Bladestorm
3 Mirror Image
8 Tauren Chieftain
3 Endurance Aura
3 Shockwave
1 Reincarnation
1 War Stomp
» actions
| Assign group hotkey | 47 | |
| Basic commands | 900 | |
| Build / train | 227 | |
| Enter build submenu | 152 | |
| Enter hero's abilities submenu | 28 | |
| Give item / drop item | 11 | |
| Right click | 4071 | |
| Select / deselect | 1822 | |
| Select group hotkey | 618 | |
| Use ability | 740 | |
8617 total
» units
| Peon | 26 | |
| Grunt | 8 | |
| Goblin Shredder | 3 | |
| Tauren | 4 | |
| Shaman | 3 | |
| Troll Batrider | 92 | |
| Wind Rider | 15 | |
151 total
» upgrades
| Berserker Strength | 1 | |
| Shaman Training | 2 | |
| Pulverize | 1 | |
| Pillage | 1 | |
| Spiked Barricades | 1 | |
| Backpack | 1 | |
| Liquid Fire | 1 | |
| Reinforced Defenses | 1 | |
| Ranged Weapons | 2 | |
| Envenomed Spears | 1 | |
| Armor | 2 | |
14 total
» buildings
| Altar of Storms | 1 | |
| Orc Burrow | 13 | |
| Barracks | 2 | |
| War Mill | 2 | |
| Stronghold | 2 | |
| Watch Tower | 128 | |
| Fortress | 2 | |
| Voodoo Lounge | 1 | |
| Spirit Lodge | 2 | |
| Tauren Totem | 2 | |
| Beastiary | 4 | |
| Great Hall | 5 | |
164 total
» build order
00:06 Altar of Storms
00:16 Orc Burrow
00:54 Barracks
01:36 Orc Burrow
02:11 Barracks
02:42 War Mill
04:31 Stronghold
05:10 Watch Tower
06:24 Watch Tower
06:40 Orc Burrow
06:42 Orc Burrow
06:54 Fortress
07:30 Voodoo Lounge
07:41 Watch Tower
08:51 Watch Tower
08:53 Watch Tower
10:39 Spirit Lodge
11:46 Tauren Totem
12:52 Tauren Totem
13:23 Spirit Lodge
16:35 Orc Burrow
16:38 Orc Burrow
16:40 Orc Burrow
17:33 Watch Tower
18:46 Watch Tower
18:48 Watch Tower
18:51 Watch Tower
20:03 Watch Tower
20:05 Watch Tower
20:06 War Mill
20:29 Orc Burrow
22:00 Watch Tower
22:01 Watch Tower
22:15 Watch Tower
24:18 Watch Tower
24:20 Watch Tower
24:23 Watch Tower
24:25 Watch Tower
24:56 Watch Tower
25:12 Watch Tower
25:20 Orc Burrow
25:33 Beastiary
25:38 Orc Burrow
25:40 Orc Burrow
26:00 Beastiary
26:18 Beastiary
26:25 Watch Tower
27:37 Watch Tower
30:44 Watch Tower
30:46 Watch Tower
30:53 Watch Tower
31:55 Great Hall
32:07 Watch Tower
32:07 Watch Tower
32:08 Watch Tower
32:24 Watch Tower
32:25 Watch Tower
33:10 Watch Tower
33:28 Watch Tower
33:29 Watch Tower
35:30 Watch Tower
35:31 Watch Tower
35:33 Watch Tower
35:36 Watch Tower
35:39 Watch Tower
37:38 Watch Tower
37:40 Watch Tower
37:42 Watch Tower
37:46 Watch Tower
37:47 Watch Tower
37:48 Watch Tower
37:49 Watch Tower
40:55 Watch Tower
43:10 Watch Tower
43:11 Watch Tower
43:12 Watch Tower
43:13 Watch Tower
43:16 Watch Tower
43:17 Watch Tower
43:18 Watch Tower
43:25 Watch Tower
43:26 Watch Tower
43:41 Watch Tower
43:52 Watch Tower
45:29 Watch Tower
45:30 Watch Tower
45:31 Watch Tower
45:54 Watch Tower
45:55 Watch Tower
45:57 Watch Tower
46:00 Watch Tower
48:06 Great Hall
48:19 Watch Tower
48:19 Watch Tower
48:20 Watch Tower
48:21 Watch Tower
48:23 Watch Tower
48:25 Watch Tower
48:25 Watch Tower
48:28 Watch Tower
48:28 Watch Tower
48:42 Watch Tower
48:43 Watch Tower
48:44 Watch Tower
49:57 Watch Tower
50:41 Stronghold
51:33 Watch Tower
51:34 Watch Tower
51:36 Watch Tower
51:38 Watch Tower
51:40 Watch Tower
51:42 Watch Tower
52:52 Watch Tower
52:53 Watch Tower
52:55 Watch Tower
53:52 Beastiary
54:17 Watch Tower
54:18 Watch Tower
54:19 Watch Tower
54:20 Watch Tower
54:27 Great Hall
55:00 Fortress
55:09 Watch Tower
56:21 Watch Tower
56:21 Watch Tower
56:26 Watch Tower
57:18 Watch Tower
58:20 Watch Tower
58:21 Watch Tower
58:23 Watch Tower
59:30 Watch Tower
59:31 Watch Tower
60:36 Watch Tower
60:38 Watch Tower
60:48 Watch Tower
62:01 Watch Tower
62:03 Watch Tower
62:04 Watch Tower
62:23 Orc Burrow
62:26 Orc Burrow
63:31 Watch Tower
73:17 Watch Tower
73:18 Watch Tower
74:15 Watch Tower
74:16 Watch Tower
74:18 Watch Tower
80:57 Watch Tower
80:58 Watch Tower
81:03 Watch Tower
81:05 Watch Tower
81:59 Watch Tower
85:01 Watch Tower
90:05 Great Hall
90:46 Watch Tower
90:47 Watch Tower
90:49 Watch Tower
90:51 Watch Tower
91:50 Watch Tower
91:51 Watch Tower
91:53 Watch Tower
91:55 Watch Tower
91:57 Watch Tower
122:49 Watch Tower
123:23 Great Hall
» items
| Healing Salve | 2 | |
| Lesser Clarity Potion | 1 | |
| Robe of the Magi +6 | 1 | |
| Scroll of Town Portal | 3 | |
| Orb of Lightning | 3 | |
| Potion of Mana | 2 | |
| Potion of Healing | 1 | |
| Alleria's Flute of Accuracy | 1 | |
| Potion of Divinity | 1 | |
| Boots of Quel'Thalas +6 | 3 | |
| The Lion Horn of Stormwind | 1 | |
| Belt of Giant Strength +6 | 4 | |
| Scroll of Restoration | 1 | |
| Sobi Mask | 1 | |
| Scourge Bone Chimes | 2 | |
27 total
PistophChrstoph (
orange | 43 APM | 6245 actions | 144:43)
10 Death Knight
3 Death Coil
3 Unholy Aura
1 Animate Dead
3 Death Pact
10 Crypt Lord
3 Impale
3 Spiked Carapace
1 Locust Swarm
3 Carrion Beetles
8 Lich
3 Frost Nova
3 Frost Armor
1 Death and Decay
1 Dark Ritual
» actions
| Assign group hotkey | 79 | |
| Basic commands | 1345 | |
| Build / train | 181 | |
| ESC pressed | 18 | |
| Enter build submenu | 43 | |
| Enter hero's abilities submenu | 29 | |
| Give item / drop item | 19 | |
| Remove unit from queue | 1 | |
| Right click | 1912 | |
| Select / deselect | 1328 | |
| Select group hotkey | 769 | |
| Use ability | 520 | |
6245 total
» units
| Acolyte | 35 | |
| Ghoul | 5 | |
| Crypt Fiend | 14 | |
| Obsidian Statue | 16 | |
| Frost Wyrm | 25 | |
| Gargoyle | 1 | |
96 total
» upgrades
| Creature Attack | 3 | |
| Creature Carapace | 3 | |
| Web | 1 | |
| Burrow | 1 | |
| Destroyer Form | 1 | |
| Freezing Breath | 1 | |
10 total
» buildings
| Ziggurat | 23 | |
| Crypt | 2 | |
| Altar of Darkness | 1 | |
| Graveyard | 2 | |
| Nerubian Tower | 3 | |
| Spirit Tower | 6 | |
| Halls of the Dead | 3 | |
| Black Citadel | 2 | |
| Tomb of Relics | 2 | |
| Slaughterhouse | 2 | |
| Sacrificial Pit | 1 | |
| Necropolis | 4 | |
| Boneyard | 2 | |
53 total
» build order
00:13 Ziggurat
00:17 Crypt
00:49 Altar of Darkness
01:14 Graveyard
01:26 Ziggurat
02:12 Crypt
02:30 Nerubian Tower
04:43 Spirit Tower
05:16 Ziggurat
05:18 Ziggurat
06:43 Nerubian Tower
06:58 Spirit Tower
09:36 Halls of the Dead
12:49 Ziggurat
14:16 Black Citadel
16:30 Tomb of Relics
16:33 Slaughterhouse
16:34 Slaughterhouse
18:17 Ziggurat
18:18 Ziggurat
19:46 Spirit Tower
21:57 Ziggurat
22:01 Ziggurat
25:24 Spirit Tower
33:01 Ziggurat
33:02 Ziggurat
33:03 Ziggurat
40:13 Sacrificial Pit
44:53 Necropolis
47:17 Ziggurat
47:33 Ziggurat
48:11 Tomb of Relics
48:35 Spirit Tower
50:24 Halls of the Dead
54:11 Necropolis
54:49 Necropolis
55:02 Graveyard
56:34 Ziggurat
56:35 Ziggurat
58:37 Necropolis
59:39 Halls of the Dead
61:06 Spirit Tower
63:00 Ziggurat
63:02 Ziggurat
64:10 Nerubian Tower
64:24 Black Citadel
69:13 Boneyard
69:14 Boneyard
83:35 Ziggurat
101:14 Ziggurat
129:29 Ziggurat
129:31 Ziggurat
129:32 Ziggurat
» items
| Healing Salve | 4 | |
| Scroll of Town Portal | 19 | |
| Orb of Corruption | 2 | |
| Potion of Mana | 1 | |
| Orb of Lightning | 2 | |
| Rod of Necromancy | 1 | |
29 total

»
Sylink (
red | 93 APM | 13457 actions | 144:44)
10 Paladin
3 Devotion Aura
3 Holy Light
1 Resurrection
3 Divine Shield
10 Mountain King
3 Storm Bolt
3 Bash
1 Avatar
3 Thunder Clap
» actions
| Assign group hotkey | 168 | |
| Basic commands | 722 | |
| Build / train | 296 | |
| ESC pressed | 7 | |
| Enter build submenu | 130 | |
| Enter hero's abilities submenu | 20 | |
| Give item / drop item | 7 | |
| Remove unit from queue | 5 | |
| Right click | 4501 | |
| Select / deselect | 2043 | |
| Select group hotkey | 4827 | |
| Use ability | 731 | |
13457 total
» units
| Peasant | 24 | |
| Footman | 8 | |
| Rifleman | 12 | |
| Mortar Team | 53 | |
| Siege Engine | 41 | |
| Priest | -2 | |
136 total
» upgrades
| Gunpowder | 3 | |
| Armor | 3 | |
| Masonry | 3 | |
| Flare | 1 | |
| Long Rifles | 1 | |
| Magic Sentry | 1 | |
| Fragmentation Shards | 1 | |
| Lumber Harvesting | 2 | |
| Barrage | 1 | |
| Flak Cannons | 1 | |
| Priest Training | 2 | |
| Plating | 2 | |
21 total
» buildings
| Altar of Kings | 1 | |
| Farm | 12 | |
| Barracks | 2 | |
| Scout Tower | 181 | |
| Arcane Tower | 4 | |
| Lumber Mill | 2 | |
| Guard Tower | 67 | |
| Blacksmith | 1 | |
| Keep | 2 | |
| Workshop | 5 | |
| Arcane Sanctum | 1 | |
| Castle | 2 | |
| Town Hall | 4 | |
| Arcane Vault | 3 | |
287 total
» build order
00:03 Altar of Kings
00:04 Farm
00:26 Barracks
00:46 Scout Tower
00:54 Farm
01:13 Scout Tower
02:03 Arcane Tower
02:19 Farm
02:58 Scout Tower
03:34 Arcane Tower
03:36 Lumber Mill
04:11 Farm
04:48 Scout Tower
04:48 Scout Tower
04:50 Scout Tower
05:14 Barracks
05:25 Guard Tower
05:26 Scout Tower
05:39 Blacksmith
05:41 Scout Tower
06:14 Guard Tower
06:58 Keep
07:41 Scout Tower
07:44 Scout Tower
07:47 Farm
08:14 Guard Tower
08:18 Scout Tower
08:44 Guard Tower
08:48 Farm
08:55 Arcane Tower
09:31 Workshop
09:34 Workshop
09:37 Arcane Sanctum
10:46 Farm
13:02 Farm
13:28 Farm
17:13 Castle
17:55 Scout Tower
17:59 Town Hall
18:50 Guard Tower
19:22 Scout Tower
19:22 Scout Tower
19:24 Scout Tower
19:24 Scout Tower
20:19 Guard Tower
20:22 Scout Tower
20:24 Scout Tower
20:42 Scout Tower
20:43 Scout Tower
21:03 Guard Tower
21:04 Scout Tower
21:43 Scout Tower
21:46 Scout Tower
22:08 Guard Tower
22:09 Scout Tower
23:15 Guard Tower
23:19 Scout Tower
23:21 Guard Tower
23:24 Scout Tower
23:24 Scout Tower
23:26 Guard Tower
23:29 Scout Tower
24:29 Farm
24:44 Arcane Vault
26:00 Arcane Vault
27:15 Scout Tower
27:16 Scout Tower
27:16 Scout Tower
28:29 Guard Tower
29:02 Scout Tower
29:02 Scout Tower
29:03 Scout Tower
29:04 Guard Tower
29:56 Guard Tower
29:57 Guard Tower
36:02 Guard Tower
39:40 Town Hall
44:29 Farm
44:30 Farm
45:24 Scout Tower
45:25 Scout Tower
45:27 Scout Tower
46:32 Guard Tower
47:04 Scout Tower
47:37 Scout Tower
47:48 Keep
47:52 Scout Tower
48:32 Scout Tower
48:35 Scout Tower
48:55 Arcane Tower
49:12 Scout Tower
49:13 Scout Tower
49:14 Scout Tower
49:15 Scout Tower
49:15 Scout Tower
49:16 Scout Tower
49:17 Scout Tower
49:40 Guard Tower
49:41 Scout Tower
50:11 Guard Tower
50:12 Scout Tower
50:15 Scout Tower
50:17 Scout Tower
50:19 Scout Tower
50:20 Guard Tower
50:49 Guard Tower
50:51 Scout Tower
50:52 Scout Tower
50:57 Scout Tower
50:59 Scout Tower
52:10 Guard Tower
52:10 Scout Tower
52:11 Scout Tower
52:44 Scout Tower
52:44 Scout Tower
52:45 Scout Tower
52:45 Scout Tower
52:46 Scout Tower
54:02 Guard Tower
55:29 Guard Tower
55:32 Scout Tower
55:32 Scout Tower
56:37 Guard Tower
56:51 Arcane Vault
61:25 Scout Tower
61:25 Scout Tower
63:08 Guard Tower
63:09 Guard Tower
63:10 Scout Tower
63:10 Scout Tower
64:52 Guard Tower
66:58 Scout Tower
68:01 Castle
69:38 Guard Tower
70:41 Scout Tower
70:41 Scout Tower
76:38 Guard Tower
76:43 Scout Tower
76:46 Scout Tower
79:55 Guard Tower
79:57 Guard Tower
80:30 Scout Tower
80:31 Scout Tower
80:32 Scout Tower
80:32 Scout Tower
80:55 Scout Tower
80:56 Scout Tower
80:56 Scout Tower
80:58 Scout Tower
80:58 Scout Tower
80:58 Scout Tower
80:58 Scout Tower
81:00 Scout Tower
81:00 Scout Tower
81:31 Guard Tower
82:09 Guard Tower
82:12 Scout Tower
82:12 Scout Tower
82:13 Scout Tower
82:13 Scout Tower
82:24 Scout Tower
82:24 Scout Tower
82:25 Scout Tower
82:25 Scout Tower
82:27 Guard Tower
82:38 Guard Tower
82:40 Scout Tower
82:40 Scout Tower
82:41 Scout Tower
82:41 Scout Tower
82:42 Scout Tower
82:52 Guard Tower
82:54 Scout Tower
82:54 Scout Tower
82:55 Scout Tower
83:30 Guard Tower
83:41 Guard Tower
85:02 Guard Tower
86:18 Scout Tower
86:18 Scout Tower
86:19 Scout Tower
87:03 Guard Tower
87:04 Scout Tower
87:04 Scout Tower
87:21 Town Hall
87:52 Guard Tower
87:58 Scout Tower
87:59 Scout Tower
87:59 Scout Tower
88:01 Guard Tower
88:17 Scout Tower
88:17 Scout Tower
88:18 Scout Tower
88:22 Scout Tower
88:22 Scout Tower
88:23 Scout Tower
88:39 Guard Tower
88:42 Scout Tower
88:42 Scout Tower
89:06 Guard Tower
89:20 Guard Tower
89:29 Guard Tower
89:31 Scout Tower
89:32 Scout Tower
90:12 Guard Tower
90:17 Guard Tower
90:21 Scout Tower
90:21 Scout Tower
90:22 Scout Tower
90:43 Scout Tower
91:37 Scout Tower
91:37 Scout Tower
91:39 Scout Tower
91:40 Guard Tower
92:01 Guard Tower
101:07 Guard Tower
119:09 Workshop
119:59 Workshop
120:02 Workshop
122:08 Scout Tower
122:09 Scout Tower
122:10 Scout Tower
122:11 Scout Tower
122:13 Scout Tower
122:14 Scout Tower
122:14 Scout Tower
122:39 Guard Tower
122:41 Scout Tower
122:42 Scout Tower
122:43 Guard Tower
122:45 Scout Tower
122:47 Scout Tower
122:47 Scout Tower
122:48 Scout Tower
122:54 Scout Tower
122:54 Scout Tower
123:08 Scout Tower
123:08 Scout Tower
123:09 Guard Tower
123:11 Scout Tower
123:11 Scout Tower
123:12 Scout Tower
123:12 Scout Tower
123:16 Guard Tower
123:44 Guard Tower
123:51 Scout Tower
123:52 Scout Tower
123:53 Scout Tower
123:53 Scout Tower
123:54 Scout Tower
123:54 Scout Tower
123:57 Scout Tower
123:57 Scout Tower
123:58 Scout Tower
124:00 Scout Tower
124:01 Scout Tower
124:01 Scout Tower
124:04 Guard Tower
124:06 Scout Tower
124:07 Scout Tower
124:07 Scout Tower
124:10 Scout Tower
124:41 Guard Tower
124:58 Guard Tower
125:02 Scout Tower
125:03 Scout Tower
125:04 Scout Tower
125:52 Guard Tower
125:57 Lumber Mill
126:23 Guard Tower
126:52 Guard Tower
126:53 Scout Tower
126:54 Scout Tower
126:54 Scout Tower
128:06 Guard Tower
128:12 Guard Tower
128:15 Scout Tower
128:16 Scout Tower
132:31 Guard Tower
134:08 Scout Tower
134:09 Scout Tower
134:09 Scout Tower
134:10 Scout Tower
134:56 Town Hall
134:57 Scout Tower
134:58 Scout Tower
141:06 Guard Tower
» items
| Scroll of Town Portal | 20 | |
| Scroll of Regeneration | 3 | |
| Orb of Lightning | 2 | |
| Potion of Healing | 5 | |
| Healing Salve | 2 | |
| Potion of Mana | 2 | |
| Belt of Giant Strength +6 | 1 | |
| Runed Bracers | 1 | |
| Alleria's Flute of Accuracy | 1 | |
37 total
Chat log
(00:06 / All) Dexanth: HAY GUYS
(00:07 / All) Sylink: sup jerks
(00:09 / All) PistophChrstoph: hay
(00:10 / All) Wachepti: welcome to the slam jam
(00:10 / All) Noinu: OH GOD
(00:14 / All) Panda_Slammed: WTF WHY DO U GO ALCHEMIST FIRST
(00:15 / All) Dexanth: WHAT STRAT R U
(00:18 / All) Noinu: Gap I thought we were friends man wtf
(00:29 / Allies) Sylink: get gruntsszz
(00:30 / Allies) Sylink: and cutns
(00:38 / All) GapInTheTooth: hey man thats the fate of random searching
(00:41 / All) GapInTheTooth: breaks up families
(00:43 / All) Sylink: your face
(02:24 / Allies) Sylink: comeee
(02:53 / All) Dexanth: WHAT IS THIS NONSENSE
(06:20 / Allies) Sylink: tech tech tech
(07:14 / Allies) Sylink: 2 human
(07:21 / Allies) Sylink: they probably mass expanding
(08:08 / Allies) Sylink: getting rifle mort
(11:55 / Allies) Sylink: get stuns
(17:05 / All) Panda_Slammed: i thought you dont tp john
(28:36 / All) Sylink: tower noobs
(34:43 / Allies) Sylink: stop splitting niggers
(55:28 / All) GapInTheTooth: hey do you guys like animes
(55:32 / All) Sylink: yes
(57:11 / All) Noinu: D
(57:11 / All) Noinu: D
(57:12 / All) Noinu: D
(57:19 / All) GapInTheTooth: manner please
(57:23 / All) Noinu: stfu die
(57:27 / All) Noinu: :D
(57:35 / All) GapInTheTooth: reported for bad manner
(57:41 / All) Noinu: sry
(57:44 / All) Noinu: </3
(57:50 / All) Noinu: D
(57:51 / All) Dexanth: Bad manner :(
(64:52 / Allies) Sylink: fuck
(66:31 / All) Sylink: snipa
(67:45 / All) Noinu: we'll fight them at the hot gates
(67:55 / All) PistophChrstoph: HAX
(96:57 / All) Noinu: :/
(96:57 / All) Sylink: can youd rop
(96:58 / All) Sylink: you faggot
(97:05 / All) Wachepti: hey
(97:05 / All) Wachepti: watch it
(97:54 / All) Sylink: drop
(97:55 / All) Sylink: you lagg
(98:03 / All) Wachepti: leave
(98:04 / All) Wachepti: you suck
(98:05 / All) Sylink: u
(98:22 / All) Noinu: wow
(98:23 / All) Noinu: :/
(98:23 / All) Sylink: can you quit
(98:32 / All) Dexanth: Syduck, stop whinin
(98:39 / All) Dexanth: Bad manner
(98:49 / All) GOKUMAN69: Manner up
(98:52 / All) Sylink: no u
(98:58 / All) Noinu: :D
(98:59 / All) Sylink: since when do i manner
(99:08 / All) Dexanth: Now apparently!
(101:53 / All) Sylink: allah akbar
(102:07 / All) Wachepti: no u
(103:09 / All) Sylink: lagggg
(103:10 / All) Sylink: upgrade
(103:13 / All) Wachepti: you're telling me
(103:50 / All) Sylink: drop
(103:57 / All) Sylink: drop
(105:01 / All) Noinu: :/
(105:02 / All) Wachepti: nigga stfu
(105:04 / All) Noinu: you
(105:06 / All) Sylink: fucking upgrade
(106:34 / All) Noinu: Love you gap
(107:33 / All) Sylink: get out
(107:38 / All) Sylink: buy a processor
(107:52 / All) Wachepti: I have a processor thank you!
(107:58 / All) Wachepti: buy some skill oh wait you cant
(107:59 / All) Sylink: GET OUT
(107:59 / All) PistophChrstoph: sweet christ
(108:26 / All) Sylink: FUCK
(108:27 / All) Sylink: YOU
(108:42 / Allies) Sylink: they got gyros faggots
(109:59 / All) Sylink: dial up LMAO
(110:07 / All) Sylink: how is your quarter dex
(112:35 / All) Sylink: nice gyros
(112:36 / All) Sylink: imo
(113:40 / All) Sylink: i hate you
(114:57 / Allies) Sylink: i hate
(114:59 / Allies) Sylink: bats
(115:02 / Allies) Sylink: that you cant use
(115:35 / All) Sylink: fuck
(115:47 / All) Panda_Slammed: D
(115:47 / All) Noinu: D
(115:48 / All) Panda_Slammed: D
(115:48 / All) Panda_Slammed: D
(115:48 / All) Panda_Slammed: DD
(115:49 / All) Panda_Slammed: D
(116:41 / All) Sylink: D
(116:41 / All) Sylink: D
(116:41 / All) Sylink: D
(116:42 / All) Panda_Slammed: DD
(116:42 / All) Panda_Slammed: D
(116:43 / All) Panda_Slammed: D
(116:43 / All) Panda_Slammed: D
(116:44 / All) Panda_Slammed: DD
(116:44 / All) Panda_Slammed: D
(116:45 / All) Panda_Slammed: D
(116:45 / All) Panda_Slammed: D
(116:46 / All) Panda_Slammed: D
(116:46 / All) Panda_Slammed: D
(116:47 / All) Panda_Slammed: D
(116:47 / All) Panda_Slammed: D
(116:48 / All) Panda_Slammed: D
(116:49 / All) Wachepti: that is going to work
(117:04 / All) Sylink: D
(117:05 / All) Sylink: D
(117:05 / All) Sylink: D
(120:21 / Allies) Sylink: that was awesome
(122:15 / All) Sylink: FUCK LAG
(122:18 / All) Sylink: D
(122:18 / All) Sylink: D
(122:26 / All) Wachepti: peace
(122:32 / All) Sylink: c u
(122:35 / All) Panda_Slammed: ty
(128:27 / All) Sylink: epic game
(128:28 / All) Sylink: sirs
(128:32 / All) PistophChrstoph: indeed
(128:46 / All) PistophChrstoph: dexanth you are a bitch good sir
(128:54 / All) Dexanth: I will take that as a compliment
(128:58 / All) PistophChrstoph: yes
(129:03 / All) Noinu: best game ever
(129:13 / All) Noinu: constant back and fourth
(129:52 / All) Sylink: laff
(130:04 / Allies) Sylink: laffin
(133:27 / All) Noinu: no escape!
(134:02 / All) Sylink: the juggernaut awakes
(134:26 / All) Dexanth: Meh, its over.
(134:29 / All) Sylink: indeed
(134:30 / All) Sylink: gg
(134:31 / All) Dexanth: Undead too powerful, JM too terrible
(134:33 / All) Dexanth: More the second
(134:34 / All) Sylink: go michigan etc
(134:35 / All) Panda_Slammed: ty
(134:38 / All) PistophChrstoph: its true
(134:41 / All) PistophChrstoph: =P
(134:41 / All) Panda_Slammed: yes he is
(134:53 / All) PistophChrstoph: that is the only reason you lost
(134:55 / All) PistophChrstoph: hahah
(135:02 / All) Noinu: Jm is horrible
(135:22 / All) GOKUMAN69: 1v1 anyday
(135:27 / All) Noinu: 4v4
(135:35 / All) PistophChrstoph: y bother
(135:40 / All) PistophChrstoph: we all know the truth
(135:41 / All) GapInTheTooth: 1v1 ogre mound no re
(135:51 / All) GOKUMAN69: we're 1:1 4v4
(137:52 / All) Sylink: i made about 200000000000 mort and tank
(138:09 / All) Sylink: talk about steam rolling am i rite
(141:13 / All) Sylink: ALLAH JIHAD
(141:47 / All) Sylink: nice ledge
(142:00 / All) GapInTheTooth: i was going to write FUCK in peons but i dont have time now
(142:04 / All) Sylink: oh noes
(142:05 / All) Sylink: gg
(142:55 / Allies) Noinu: lol
(143:35 / All) Sylink: i wish i could get more xp